 Dungeon Crawl Stone Soup version 0.23.2-1-ga50397a (webtiles) character file.

Game seed: 7778425864553233665

150 dasA the Chiller (level 4, -1/34 HPs)
             Began as a Demigod Ice Elementalist on May 6, 2019.
             Slain by an orc wizard
             ... wielding a +0 dagger
              (2 damage)
             ... on level 3 of the Dungeon.
             The game lasted 00:16:55 (2948 turns).

dasA the Chiller (Demigod Ice Elementalist)         Turns: 2948, Time: 00:16:57

Health: -1/34      AC:  5    Str: 11    XL:     4   Next: 84%
Magic:  0/10       EV:  8    Int: 21    God:
Gold:   155        SH:  7    Dex: 16    Spells: 6/7 levels left

rFire    . . .     SeeInvis +   t - +0 trident
rCold    . . .     Gourm    .   x - +0 shield
rNeg     . . .     Faith    .   j - +0 ring mail
rPois    .         Spirit   +   (no helmet)
rElec    .         Reflect  .   (no cloak)
rCorr    .         Harm     .   (no gloves)
MR       .....                  (no boots)
Stlth    +.........             h - amulet of guardian spirit
HPRegen  0.11/turn              w - ring of see invisible
MPRegen  0.12/turn              (no ring)

@: no status effects
A: high mp 1
a: no special abilities


You were on level 3 of the Dungeon.
You were not hungry.

You visited 1 branch of the dungeon, and saw 3 of its levels.

You collected 155 gold pieces.

Inventory:

Hand Weapons
 n - a +0 short sword
 q - a +0 spear
 r - a +0 mace
 t - a +0 trident (weapon)
 y - a +0 flail
Missiles
 b - 92 stones
 d - 72 arrows
 e - 23 sling bullets
 f - 5 javelins (quivered)
 s - 55 bolts
Armour
 a - a +0 robe
 j - a +0 ring mail (worn)
 x - a +0 shield (worn)
Jewellery
 h - an amulet of guardian spirit (around neck)
 w - a ring of see invisible (left hand)
Wands
 i - a wand of acid (6)
Scrolls
 g - a scroll of amnesia {unknown}
 k - 2 scrolls of teleportation {unknown}
 o - 3 scrolls of remove curse {unknown}
 p - 3 scrolls of magic mapping {unknown}
 u - a scroll of identify {unknown}
Potions
 l - a potion of heal wounds {unknown}
 m - 2 potions of lignification {unknown}
 v - a potion of curing
 z - 2 potions of agility {unknown}
 A - a potion of invisibility {unknown}
 B - a potion of degeneration {unknown}
Comestibles
 c - 5 rations
 C - a chunk of flesh


   Skills:
 + Level 0.6 Fighting
 + Level 0.2 Short Blades
 + Level 0.7 Maces & Flails
 + Level 0.4 Polearms
 + Level 2.2 Armour
 + Level 2.1 Dodging
 + Level 2.2 Stealth
 + Level 0.4 Shields
 + Level 2.2 Spellcasting
   Level 0.8 Conjurations
 + Level 3.3 Ice Magic


You had 6 spell levels left.
You knew the following spells:

 Your Spells              Type           Power        Failure   Level  Hunger
a - Freeze                Ice            ###.         50%         1    #......

Your spell library contained the following spells:

 Spells                   Type           Power        Failure   Level  Hunger
 Throw Frost              Conj/Ice       ##....       82%         2    ##.....
 Ozocubu's Armour         Chrm/Ice       #.......     98%         3    ###....
 Summon Ice Beast         Ice/Summ       #.......     100%        4    #####..
 Throw Icicle             Conj/Ice       ##......     100%        4    #####..


Dungeon Overview and Level Annotations

Branches:
Dungeon (3/15)


Innate Abilities, Weirdness & Mutations

You have an increased reservoir of magic. (+10% MP)


Message History

The orc wizard hits you but does no damage.
You block the orc wizard's attack.
The orc priest hits you with a +0 hand axe.
* * * LOW HITPOINT WARNING * * *
The orc wizard hits you but does no damage.
You puncture the orc priest!
You kill the orc priest!
The orc wizard hits you with a +0 dagger.
You block the orc wizard's attack.
You hit the orc wizard but do no damage.
The orc wizard barely misses you.
The orc wizard hits you with a +0 dagger.
* * * LOW HITPOINT WARNING * * *
You hit the orc wizard.
The orc wizard is heavily wounded.
The orc wizard gestures at you while chanting.
The magic dart hits you.
* * * LOW HITPOINT WARNING * * *
The orc wizard hits you with a +0 dagger.
You die...

...'...).....##.##......#.....
...#####........##............
#.#...#### ##+##....... #.#...#
###.##....### #.#.....
..#.##....# #####.##..###
#.#.##....# #######.........#
#.#.##....#
........###.##.o#####.#.##....#
...............)@.............+
##.o###.##..###.###.#.#.###...#
........##..# #.###.#.#.# #...#
.#..##..##..# #..##.#.#.##....###
.#..##..##..###..................
........o..................####..
.#..##.###..###.#.#..##.##. #..
............# #.#.#..##.# #..
.....................##.# .# #..


You could see an orc wizard.

Vanquished Creatures
  An orc priest (D:3)
  Jessica (D:3)
  3 adders
  A worm (D:2)
  A dart slug (D:1)
  A leopard gecko (D:2)
  An orc (D:3)
  A ball python (D:2)
  4 giant cockroaches
  A hobgoblin (D:2)
  6 jackals
  2 quokkas
  5 bats
  6 frilled lizards
  5 goblins
  5 kobolds
  3 rats
47 creatures vanquished.

Vanquished Creatures (others)
  An orc wizard (D:3)
1 creature vanquished.

Grand Total: 48 creatures vanquished

Notes
Turn   | Place    | Note
-------+----------+-------------------------------------------
     0 | D:1      | dasA the Demigod Ice Elementalist began the quest for the
                  | Orb.
     0 | D:1      | Reached XP level 1. HP: 14/14 MP: 5/5
   409 | D:1      | Reached skill level 3 in Ice Magic
   522 | D:1      | Reached XP level 2. HP: 18/20 MP: 7/7
  1144 | D:2      | Found a sparkling altar of Nemelex Xobeh.
  1546 | D:2      | Reached XP level 3. HP: 22/26 MP: 3/8
  2518 | D:3      | Noticed Jessica
  2536 | D:3      | Killed Jessica
  2536 | D:3      | Reached skill level 1 in Armour
  2536 | D:3      | Reached XP level 4. HP: 33/33 MP: 10/10
  2948 | D:3      | HP: 1/34 [orc wizard/magic dart (3)]
  2948 | D:3      | Slain by an orc wizard

Skill      XL: |  1  2  3  4 |
---------------+-------------+-----
Ice Magic      | 3 |  3.3
Dodging        | 2 |  2.1
Stealth        | 2 |  2.2
Spellcasting   | 2 |  2.2
Armour         | 1 2 |  2.2
Fighting       | |  0.6
Short Blades   | |  0.2
Maces & Flails | |  0.7
Polearms       | |  0.4
Shields        | |  0.4
Conjurations   | |  0.8

Action                   |  1- 3 |  4- 6 || total
-------------------------+-------+-------++-------
Melee: Dagger            |    28 |       ||    28
       Unarmed           |     2 |       ||     2
       Mace              |    85 |    35 ||   120
       Trident           |    18 |    24 ||    42
       Short sword       |     1 |       ||     1
 Cast: Freeze            |    20 |       ||    20
Evoke: Wand              |     1 |       ||     1
  Use: Potion            |     1 |     1 ||     2
 Stab: Sleeping          |     4 |       ||     4
       Distracted        |     1 |       ||     1
  Eat: Chunk             |     6 |     1 ||     7
Armor: Ring mail         |    95 |    25 ||   120
       Robe              |     2 |       ||     2
Dodge: Dodged            |    91 |    27 ||   118
Block: Shield            |    37 |    22 ||    59
